Map: Disco Bloodbath LE

Players

pHARM - Winner!

  • Race: Zerg Zerg
  • League: Platinum
  • Spawn Location: 9:00

Hierarch

  • Race: Terran Terran
  • League: Platinum
  • Spawn Location: 3:00

VOD

Have the link to the VOD?

Description

Time

  • Played on: Sept. 23, 2019, 10:08 p.m.
  • Length: 15:35
Show
View Real Time Build Order
Export as new Build Order

pHARM Zerg - Winner!

Build Orders: Hatch First 

Get SALT Encoding   

  12  0:01  Drone  
  13  0:20  Overlord  
  13  0:22  Drone  
  14  0:38  Drone x2  
  16  0:51  Hatchery  
  15  1:00  Drone x2  
  17  1:06  Drone  
  18  1:20  Extractor  
  18  1:24  Spawning Pool  
  18  1:25  Drone x2  
  18  1:44  Drone  
  19  1:58  Overlord  
  19  2:00  Drone  
  20  2:06  Drone  
  21  2:12  Queen x2  
  21  2:15  Zergling x4  
  26  2:49  Drone x6  
  32  3:03  Drone x2  
  34  3:14  Pneumatized Carapace  
  34  3:16  Metabolic Boost  
  34  3:19  Drone x2  
  36  3:27  Overlord  
  36  3:28  Overlord  
  36  3:37  Hatchery  
  35  3:43  Drone  
  35  3:44  Queen  
  35  3:45  Drone x5  
  43  3:59  Lair  
  43  4:06  Extractor  
  43  4:09  Extractor  
  41  4:14  Baneling Nest  
  40  4:18  Evolution Chamber  
  40  4:19  Evolution Chamber  
  38  4:28  Drone x3  
  41  4:32  Drone x2  
  41  4:33  Drone  
  41  4:37  Drone x3  
  41  4:38  Drone  
  48  4:45  Drone  
  48  4:50  Zergling x12  
  55  5:34  Zergling x6  
  58  5:36  Overlord x6  
  58  5:50  Baneling x9  
  58  5:54  Zergling x18  
  58  5:55  Zergling x4  
  56  6:26  Drone x4  
  56  6:27  Drone x3  
  63  6:47  Hydralisk Den  
  62  7:09  Centrifical Hooks, Zerg Ground Armor Level 1, Zerg Melee Weapons Level 1  
  62  7:11  Hatchery  
  61  7:17  Grooved Spines  
  61  7:19  Infestation Pit  
  60  7:25  Drone x15  
  77  7:44  Queen  
  75  7:49  Extractor x2  
  75  7:54  Hydralisk x8  
  91  8:06  Baneling x8  
  91  8:07  Baneling x3  
  88  8:28  Muscular Augments  
  86  8:44  Extractor  
  85  9:01  Zergling x26  
  85  9:02  Zergling x4  
  100  9:08  Drone x2  
  102  9:16  Hive  
  102  9:27  Drone x2  
  93  10:21  Zergling x2  
  93  10:30  Drone x10  
  103  10:49  Spire  
  102  10:56  Ultralisk Cavern  
  101  11:07  Drone x2  
  101  11:08  Overlord  
  101  11:09  Overlord x11  
  103  11:17  Spore Crawler  
  102  11:19  Spine Crawler  
  102  11:20  Spine Crawler  
  102  11:24  Spore Crawler  
  102  11:25  Spine Crawler  
  98  11:27  Spine Crawler  
  98  11:29  Zerg Melee Weapons Level 2, Zerg Ground Armor Level 2  
  98  11:32  Adrenal Glands  
  97  11:36  Zergling x36  
  115  11:46  Drone x8  
  123  12:34  Spine Crawler  
  122  12:37  Spore Crawler  
  122  12:38  Spine Crawler  
  122  12:40  Chitinous Plating  
  122  12:43  Ultralisk x3  
  122  12:44  Ultralisk x8  
  186  12:47  Hydralisk  
  186  12:49  Zergling x10  
  186  12:50  Zergling x8  
  197  13:23  Extractor  
  197  13:24  Extractor  
  195  13:59  Anabolic Synthesis  
  195  14:16  Drone x3  
  198  14:18  Drone  
  199  14:27  Hatchery  
  165  14:57  Zergling x38  
  165  14:58  Zergling x40  
  194  15:06  Hydralisk x5  
  194  15:07  Hydralisk x2  
Show
View Real Time Build Order
Export as new Build Order

Hierarch Terran 

Build Orders: Gas First Reaper Expand 

Get SALT Encoding   

  12  0:01  SCV  
  13  0:15  Supply Depot  
  13  0:18  SCV  
  14  0:24  Refinery  
  14  0:38  Barracks  
  14  0:41  SCV  
  15  0:54  SCV  
  16  1:06  SCV  
  17  1:22  SCV  
  18  1:27  Reaper  
  19  1:35  SCV  
  20  1:42  Command Center  
  20  1:54  Supply Depot  
  20  1:57  SCV  
  21  2:08  Factory  
  21  2:11  Barracks Reactor  
  21  2:20  SCV  
  20  3:00  Engineering Bay  
  20  3:01  Barracks  
  20  3:02  Bunker  
  20  3:03  SCV  
  21  3:11  Barracks Tech Lab  
  25  3:12  Hellion  
  25  3:13  Hellion  
  25  3:21  Orbital Command  
  25  3:32  SCV  
  26  3:38  Hellion x2  
  30  3:50  SCV, Starport  
  32  3:55  SCV  
  32  3:56  Marine  
  33  4:06  Marine  
  34  4:14  SCV, Armory  
  35  4:18  Marauder  
  38  4:27  SCV  
  38  4:29  Orbital Command  
  38  4:37  Medivac  
  40  5:18  Medivac  
  40  5:21  Hellion x2  
  46  5:25  Supply Depot  
  46  5:28  Concussive Shells  
  46  5:29  SCV x2  
  48  5:40  Supply Depot  
  48  5:41  SCV x2  
  50  5:45  Supply Depot  
  50  5:53  SCV  
  50  5:56  Starport Reactor  
  51  5:59  Marine  
  51  6:00  Marine  
  51  6:03  SCV  
  54  6:05  SCV  
  55  6:15  SCV  
  55  6:16  Marine  
  55  6:17  SCV  
  58  6:18  Marine  
  47  6:31  Hellion x2  
  47  6:32  SCV  
  52  6:34  Marine  
  52  6:35  Factory  
  52  6:36  Marine  
  54  6:41  Refinery  
  54  6:44  SCV  
  55  6:52  Marine  
  55  6:53  Refinery  
  55  6:54  Marine  
  56  6:58  Hellion x2  
  61  7:06  SCV  
  62  7:12  Marine  
  63  7:18  SCV, Missile Turret  
  63  7:19  Refinery, Missile Turret  
  63  7:22  Liberator x2  
  64  7:26  Command Center  
  64  7:29  Marine, Supply Depot  
  64  7:33  Hellion x2  
  69  7:38  Marine  
  69  7:41  SCV  
  77  7:46  Supply Depot  
  77  7:47  SCV  
  77  7:51  Hi-Sec Auto Tracking  
  78  7:59  Factory Tech Lab, SCV, Hellion x2  
  73  8:35  Marine  
  73  8:37  Hellion x2  
  73  8:40  Marine  
  79  8:45  Siege Tank  
  82  8:53  Marine  
  83  8:58  Marine  
  83  9:02  Barracks, Planetary Fortress  
  84  9:03  Liberator x2  
  84  9:10  Marine, Barracks, Refinery  
  84  9:11  SCV  
  84  9:14  Refinery  
  84  9:15  Marine  
  87  9:17  Siege Tank  
  87  9:23  Command Center, SCV  
  97  9:28  Marine  
  98  9:33  Marine  
  99  9:46  Marine  
  90  10:24  Marine  
  90  10:26  SCV  
  90  10:27  Marine  
  93  10:30  Siege Tank, Hellion x2  
  97  10:38  SCV  
  97  10:42  Marine  
  98  10:43  Planetary Fortress  
  98  10:45  Marine  
  98  10:46  Command Center  
  98  10:47  SCV  
  101  10:50  SCV  
  101  10:56  Medivac x2  
  106  10:57  Refinery  
  106  10:58  Refinery  
  106  10:59  SCV  
  106  11:00  Marine, Barracks  
  106  11:02  SCV  
  106  11:03  Marine, Siege Tank  
  113  11:11  Hellion x2  
  117  11:14  SCV  
  117  11:18  Marine  
  119  11:20  Terran Vehicle And Ship Armor Level 1  
  119  11:21  Marine  
  119  11:22  Starport, Terran Infantry Weapons Level 1  
  119  11:23  Starport  
  120  11:26  SCV, Engineering Bay  
  120  11:27  SCV  
  122  11:37  Stimpack  
  122  11:38  Marine, SCV  
  124  11:57  SCV x2  
  124  11:58  Siege Tank  
  119  12:32  SCV  
  119  12:34  Marine  
  121  12:39  Hellion x2  
  121  12:42  Hellion  
  121  12:44  SCV  
  128  12:49  Barracks  
  128  12:52  Marine, Supply Depot  
  128  12:54  Supply Depot  
  128  12:56  SCV  
  128  12:58  SCV  
  131  13:01  Barracks, Hellion  
  131  13:02  Liberator x2  
  131  13:03  Hellion  
  135  13:07  Missile Turret  
  135  13:08  SCV  
  135  13:09  Marine  
  135  13:10  SCV  
  138  13:14  SCV  
  138  13:16  Combat Shield  
  138  13:17  Terran Infantry Armor Level 1  
  142  13:20  SCV  
  142  13:22  SCV  
  142  13:24  Medivac x2  
  151  13:30  Hellbat x2  
  155  13:54  Fusion Core  
  155  13:59  Liberator x2  
  155  14:00  Barracks Reactor  
  155  14:03  Supply Depot  
  155  14:04  Orbital Command  
  155  14:14  Marine x2, SCV x2  
  155  14:15  Supply Depot  
  165  14:27  SCV x2  
  167  14:32  Marine x2  
  168  14:39  SCV  
  122  14:50  Marine  
  62  15:08  Marine  
  62  15:10  Marine x2  
  73  15:20  SCV  
Tags
 
Add a new tag
Caveats
  • Supply blocks, unpowered buildings, or Contaminate may cause inaccurate times.
  • Supply counts are checked every 10 seconds.